 Dungeon Crawl Stone Soup version 0.30-a0-728-gc68057be0a (webtiles) character file.

Game seed: 11179724390211620229

273 lessens the Cudgeller (level 6, -1/59 HPs)
             Began as an Ogre Gladiator on Jan 31, 2023.
             Slain by a hornet (5 damage)
             ... while paralysed by a hornet
             ... on level 4 of the Dungeon.
             The game lasted 00:05:06 (2625 turns).

lessens the Cudgeller (Ogre Gladiator)              Turns: 2625, Time: 00:05:06

Health: -1/59      AC:  7    Str: 21    XL:     6   Next: 23%
Magic:  0/6        EV:  1    Int:  9    God:
Gold:   170        SH:  0    Dex: 10    Spells: 5/5 levels left

rFire   . . .      SeeInvis .    y - +1 morningstar (drain)
rCold   . . .      Faith    .    (no shield)
rNeg    . . .      Spirit   +    b - +0 robe
rPois   .          Reflect  .    c - +0 hat
rElec   .          Harm     .    (no cloak)
rCorr   .          Rampage  .    (gloves unavailable)
Will    .....                    (boots unavailable)
Stlth   +                        h - amulet of guardian spirit
HPRegen 0.29/turn                u - +4 ring of protection
MPRegen 0.10/turn                (no ring)

@: paralysed, slowed
A: large, unfitting armour, tough skin 1
a: no special abilities


You were on level 4 of the Dungeon.
You visited 1 branch of the dungeon, and saw 4 of its levels.

You collected 170 gold pieces.

Inventory:

Hand Weapons
 a - a +0 flail
 y - a +1 morningstar of draining (weapon)
Missiles
 j - 11 stones (quivered)
 s - a large rock
 t - 2 throwing nets
 x - 5 boomerangs
Armour
 b - a +0 robe (worn)
 c - a +0 hat (worn)
Jewellery
 h - an amulet of guardian spirit (around neck)
 u - a +4 ring of protection (left hand)
Wands
 D - a wand of iceblast (6)
Scrolls
 e - a scroll of noise {unknown}
 f - 2 scrolls of identify
 g - 3 scrolls of amnesia {unknown}
 l - a scroll of fear {unknown}
 m - 2 scrolls of blinking {unknown}
 p - 2 scrolls of enchant weapon {unknown}
 w - 2 scrolls of teleportation {unknown}
 z - a scroll of summoning {unknown}
 A - a scroll of poison {unknown}
 C - a scroll of immolation {unknown}
Potions
 d - 2 potions of magic {unknown}
 n - a potion of brilliance {unknown}
 o - a potion of cancellation {unknown}
 q - 2 potions of heal wounds {unknown}
 r - 2 potions of attraction {unknown}
 v - 2 potions of lignification {unknown}
 B - a potion of berserk rage {unknown}


   Skills:
 - Level 2.6 Fighting
 + Level 6.2 Maces & Flails
 - Level 2.0 Throwing
 - Level 2.6 Dodging


You had 5 spell levels left.
You didn't know any spells.
Your spell library was empty.

Dungeon Overview and Level Annotations

Branches:
Dungeon (4/15) Zot: 21315
 Temple: D:4-7

Altars:

Shops:
D:1 (


Innate Abilities, Weirdness & Mutations

You are too large for most types of armour.
You have tough skin. (AC +1)


Message History

The hornet is heavily wounded.
You feel sick. The hornet stings you.
You feel as though you will be slow longer.
The hornet stings you.
You feel as though you will be slow longer.
The hornet barely misses you.
You miss the hornet.
The hornet is heavily wounded.
You feel sick.
You are no longer poisoned.
The hornet barely misses you. The hornet stings you.
You feel as though you will be slow longer.
You hit the hornet.
The hornet is severely wounded.
You flicker for a moment.
The hornet barely misses you. The hornet closely misses you.
The hornet misses you.
You catch the helpless hornet completely off-guard!
You hit the hornet but do no damage.
The hornet is severely wounded.
The hornet closely misses you.
You barely miss the hornet.
The hornet is severely wounded.
The hornet stings you!
* * * LOW HITPOINT WARNING * * *
You feel as though you will be slow longer.
The hornet barely misses you.
You closely miss the hornet.
The hornet is severely wounded.
You flicker back into view.
The hornet stings you!
* * * LOW HITPOINT WARNING * * *
You suddenly lose the ability to move!
The hornet stings you.
* * * LOW HITPOINT WARNING * * *
You feel as though you will be slow longer.
The hornet stings you.
* * * LOW HITPOINT WARNING * * *
You feel as though you will be slow longer.
The hornet stings you.
You die...

#.. .#.# # #.# ###...#
.##.## #....####.
....####...#..... #
#........>.... ..####
#.............
#....#####.........#
####.............y.#
#..†.#####......@#...
..####...........###
###................#
#####............#..#
.<......#....<...##.J..
####.##.#.######## ####
###..##.#.# ....###...#
##### #####


You could see a hornet (drained).

Vanquished Creatures
  A scorpion (D:2)
  A hound (D:4)
  An orc wizard (D:2)
  Robin (D:2)
  A gnoll (D:4)
  3 adders
  2 worms (D:2)
  3 dart slugs
  4 orcs
  12 ball pythons
  A bat (D:1)
  3 endoplasms
  8 giant cockroaches
  12 goblins
  16 hobgoblins
  A jackal (D:4)
  3 kobolds
  5 quokkas
  4 frilled lizards
  5 rats
87 creatures vanquished.

Notes
Turn   | Place    | Note
-------+----------+-------------------------------------------
     0 | D:1      | lessens the Ogre Gladiator began the quest for the Orb.
     0 | D:1      | Reached XP level 1. HP: 22/22 MP: 1/1
    87 | D:1      | Reached skill level 3 in Maces & Flails
   111 | D:1      | Reached XP level 2. HP: 29/29 MP: 2/2
   478 | D:1      | Reached XP level 3. HP: 34/36 MP: 3/3
   647 | D:1      | Found Feedoe's Antique Weapon Boutique.
   778 | D:1      | Reached skill level 4 in Maces & Flails
   832 | D:2      | Noticed Robin
  1108 | D:2      | Reached XP level 4. HP: 44/44 MP: 4/4
  1423 | D:2      | Noticed a scorpion
  1457 | D:2      | Killed a scorpion
  1458 | D:2      | Reached skill level 5 in Maces & Flails
  1458 | D:2      | Reached XP level 5. HP: 17/50 MP: 2/5
  1819 | D:2      | Killed Robin
  2258 | D:3      | Reached XP level 6. HP: 59/59 MP: 6/6
  2515 | D:4      | Reached skill level 6 in Maces & Flails
  2608 | D:4      | Noticed a hornet
  2613 | D:4      | Paralysed by a hornet for 2 turns
  2624 | D:4      | Paralysed by a hornet for 2 turns
  2625 | D:4      | Slain by a hornet

Illustrated notes

Levels and vault maps discovered:
D:1:      dpeg_arrival_rooms_c, layout_basic, serial_shops,
          nicolae_diamond_shop, minmay_tetromino_o4
D:2:      layout_rooms, minmay_misc_feat_room, st_stairs_9, uniq_robin
D:3:      layout_rooms, roderic_lattice_a
D:4:      minmay_general_purpose_star, layout_rooms,
          nicolae_ossuary_entry_monument

Skill      XL: |  1  2  3  4  5  6 |
---------------+-------------------+-----
Maces & Flails | 3 4 5 6 |  6.2
Fighting       | |  2.6
Throwing       | |  2.0
Dodging        | |  2.6

Action                     |  1- 3 |  4- 6 || total
---------------------------+-------+-------++-------
  Melee: Flail             |   128 |    99 ||   227
         Morningstar       |       |    41 ||    41
  Throw: Throwing net      |       |     3 ||     3
         Large rock        |       |     1 ||     1
         Stone             |       |     7 ||     7
    Use: Potion            |       |     5 ||     5
         Scroll            |       |     1 ||     1
   Stab: Invisible         |       |     1 ||     1
 Armour: Robe              |    35 |    54 ||    89
  Dodge: Dodged            |    79 |   105 ||   184

Table legend: (Time is in decaauts)
 A = Elapsed time spent in this place.
 B = Non-inter-level travel time spent in this place.
 C = Inter-level travel time spent in this place.
 D = Time resting spent in this place.
 E = Time spent auto-exploring this place.
 F = Levels seen in this place.
 G = Mean time per level.
                   A        B        C        D        E       F      G
               +--------+--------+--------+--------+--------+-----+--------+
         Total |   2684 |   2547 |    137 |    275 |   1439 |   4 |  671.0 |
       Dungeon |   2684 |   2547 |    137 |    275 |   1439 |   4 |  671.0 |
               +--------+--------+--------+--------+--------+-----+--------+

Top non-repeatable levels by time:
     D:1: 1126 daAuts
     D:2: 859 daAuts
     D:3: 508 daAuts
     D:4: 188 daAuts
